 Dungeon Crawl Stone Soup version 0.29-a0-1006-g0dd7720b37 (webtiles) character file.

Game seed: 6986431463209631223

88 Conn the Firebug (level 4, -3/27 HPs)
             Began as an Octopode Fire Elementalist on Aug 6, 2022.
             Killed by nerve-wracking pain
             ... invoked by an orc priest
              (12 damage)
             ... on level 2 of the Dungeon.
             The game lasted 00:03:09 (1465 turns).

Conn the Firebug (Octopode Fire Elementalist)       Turns: 1465, Time: 00:03:09

Health: -3/27      AC:  1    Str:  7    XL:     4   Next: 54%
Magic:  0/17       EV: 13    Int: 25    God:
Gold:   53         SH:  0    Dex: 12    Spells: 3/9 levels left

rFire   . . .      SeeInvis .   d - +0 dagger
rCold   . . .      Faith    .   (no shield)
rNeg    . . .      Spirit   .   (helmet restricted)
rPois   .          Reflect  .   (no amulet)
rElec   .          Harm     .   g - +6 ring of intelligence
rCorr   .          Rampage  .   h - ring of magical power
Will    .....                   (no ring)
Stlth   +++.......              (no ring)
HPRegen 0.09/turn               (no ring)
MPRegen 0.15/turn               (no ring)
                                (no ring)
                                (no ring)

@: no status effects
A: almost no armour, amphibious, 8 rings, camouflage 1, gelatinous body 1,
(nimble swimmer 1), tentacles
a: no special abilities


You were on level 2 of the Dungeon.
You visited 1 branch of the dungeon, and saw 2 of its levels.

You collected 53 gold pieces.

Inventory:

Hand Weapons
 d - a +0 dagger (weapon)
Jewellery
 g - a +6 ring of intelligence (left tentacle)
 h - a ring of magical power (right tentacle)
Scrolls
 b - 2 scrolls of blinking {unknown}
 c - a scroll of silence {unknown}
 f - a scroll of immolation {unknown}
Potions
 a - a potion of magic
 e - a potion of berserk rage {unknown}
 i - a potion of heal wounds {unknown}


   Skills:
 + Level 0.2 Short Blades
 + Level 2.1 Dodging
 + Level 3.2 Stealth
 + Level 3.0 Spellcasting
 + Level 1.2 Conjurations
 + Level 4.1 Fire Magic


You had 3 spell levels left.
You knew the following spells:

 Your Spells              Type           Power      Damage    Failure   Level
a - Foxfire               Conj/Fire      68%        2x1d7     3%          1
b - Conjure Flame         Conj/Fire      17%        6-21      11%         3
e - Scorch                Fire           48%        2d7       2%          2

Your spell library contained the following spells:

 Spells                   Type           Power      Damage    Failure   Level
 Inner Flame              Hex/Fire       14%        N/A       13%         3
 Flame Wave               Conj/Fire      17%        2d7       34%         4


Dungeon Overview and Level Annotations

Branches:
Dungeon (2/15)

Altars:


Innate Abilities, Weirdness & Mutations

You cannot wear most types of armour.
You are amphibious.
You can wear up to eight rings at the same time.
Your skin changes colour to match your surroundings (Stealth+).
Your rubbery body absorbs attacks. (AC +1, EV +1)
((You are camouflaged when in or above water. (Stealth+)))
You have tentacles for arms and can constrict up to eight enemies at once.


Message History

The foxfire hits the orc priest.
The orc priest is burned terribly!
The orc priest is almost dead.
The foxfire hits the orc priest but does no damage.
The orc priest is almost dead.
The orc priest looks satisfied for a moment.
Casting: Scorch (safe; 3% risk of failure)
Confirm with . or Enter, or press ? or * to list all spells.
You conjure some foxfire!
Unknown command.
You hit the orc priest but do no damage.
You grab the orc priest. You squeeze the orc priest!
The orc priest is heavily wounded.
You constrict the orc priest, but do no damage.
The foxfire hits the orc priest but does no damage.
The orc priest is heavily wounded.
Unknown command.
Casting: Foxfire (safe; 3% risk of failure)
Confirm with . or Enter, or press ? or * to list all spells.
Flames lash the orc priest.
The orc priest is almost dead.
The orc priest's fire resistance burns away.
You constrict the orc priest, but do no damage.
The orc priest is no longer more vulnerable to fire.
The orc priest hits you with a +0 club.
Casting: Scorch (safe; 3% risk of failure)
Confirm with . or Enter, or press ? or * to list all spells.
You conjure some foxfire!
You constrict the orc priest.
You kill the orc priest!
The orc priest looks braver for a moment.
Your Spellcasting skill increases to level 3!
You hit the orc. You grab the orc. You squeeze the orc.
The orc is severely wounded.
You constrict the orc, but do no damage.
The foxfire hits the orc priest but does no damage.
The orc priest is almost dead.
The foxfire hits the orc priest.
The orc priest is almost dead.
The orc priest calls down the wrath of Beogh upon you.
Pain shoots through your body!
You die...

. #.#...####..## . #...#.#
##..#### #.#..##.# ##....#
#.##....# ####.# #.....###
#.# #.....# #.### #..#.##
### #.... #.......#..#§##
...## #.... . #.....o.#.
#@.###.....# #.... ..
#..)o...#..##oo........
#...#
...#...o...#..)†).........
#...#
#.....oo.o..o.#####.......
#...# #.........o...##
#.....# #.#.#
#...#.###..!..
.......#.#.. #...<.?#
............ #####..$..#
.....##.#[# #####... .....
#.#.#


You could see an orc priest and an orc.

Vanquished Creatures
  An orc priest (D:2)
  2 adders (D:2)
  3 dart slugs
  4 orcs (D:2)
  2 ball pythons (D:1)
  3 endoplasms (D:1)
  A giant cockroach (D:1)
  4 hobgoblins (D:1)
  2 jackals (D:1)
  2 bats (D:1)
  5 frilled lizards
  3 rats (D:1)
32 creatures vanquished.

Vanquished Creatures (others)
  101 foxfires
101 creatures vanquished.

Grand Total: 133 creatures vanquished

Notes
Turn   | Place    | Note
-------+----------+-------------------------------------------
     0 | D:1      | Conn the Octopode Fire Elementalist began the quest for the
                  | Orb.
     0 | D:1      | Reached XP level 1. HP: 11/11 MP: 3/3
   192 | D:1      | Reached XP level 2. HP: 17/17 MP: 1/5
   742 | D:1      | Reached XP level 3. HP: 21/21 MP: 3/6
   799 | D:1      | Learned a level 2 spell: Scorch
   803 | D:1      | Learned a level 3 spell: Conjure Flame
  1421 | D:2      | Reached skill level 4 in Fire Magic
  1447 | D:2      | Reached XP level 4. HP: 11/27 MP: 7/7
  1465 | D:2      | Killed from afar by an orc priest

Illustrated notes

Levels and vault maps discovered:
D:1:      nzn_arrival_settlement, layout_basic,
          wander_ebering_terrifying_dragon_lair
D:2:      cheibrodos_pilgrimage, layout_rooms,
          hellmonk_ecumenical_altar_blasted, minmay_pentomino_o2

Skill      XL: |  1  2  3  4 |
---------------+-------------+-----
Stealth        | 3 |  3.2
Fire Magic     | 4 |  4.1
Spellcasting   | 3 |  3.0
Short Blades   | |  0.2
Dodging        | |  2.1
Conjurations   | |  1.2

Action                   |  1- 3 |  4- 6 || total
-------------------------+-------+-------++-------
Melee: Constrict         |     4 |     2 ||     6
       Tentacles         |     2 |     2 ||     4
       Unarmed           |     1 |       ||     1
       Dagger            |     8 |     2 ||    10
 Cast: Foxfire           |    54 |     6 ||    60
       Scorch            |       |     2 ||     2
 Stab: Sleeping          |     2 |       ||     2
Armor: Skin              |     3 |       ||     3
Dodge: Dodged            |    14 |       ||    14

Table legend: (Time is in decaauts)
 A = Elapsed time spent in this place.
 B = Non-inter-level travel time spent in this place.
 C = Inter-level travel time spent in this place.
 D = Time resting spent in this place.
 E = Time spent auto-exploring this place.
 F = Levels seen in this place.
 G = Mean time per level.
                   A        B        C        D        E       F      G
               +--------+--------+--------+--------+--------+-----+--------+
         Total |   1463 |   1414 |     49 |     40 |    997 |   2 |  731.5 |
       Dungeon |   1463 |   1414 |     49 |     40 |    997 |   2 |  731.5 |
               +--------+--------+--------+--------+--------+-----+--------+

Top non-repeatable levels by time:
     D:1: 1274 daAuts
     D:2: 189 daAuts
